 Dungeon Crawl Stone Soup version 0.13-a0-2606-g170388b (webtiles) character file.

532 Kae the Basher (level 6, -1/52 HPs)
             Began as a Minotaur Berserker on Aug 4, 2013.
             Was an Elder of Trog.
             Slain by an ufetubus (5 damage)
             ... summoned by Eustachio
             ... on Level 3 of the Dungeon.
             The game lasted 00:02:22 (2660 turns).

Kae the Basher (Minotaur Berserker)                 Turns: 2660, Time: 00:02:22

HP  -1/52        AC  2     Str 22      XL: 6   Next: 60%
MP   2/2         EV 12     Int  5      God: Trog [****..]
Gold 116         SH  0     Dex  9 (10) Spells:  0 memorised,  5 levels left

Res.Fire  : . . .   See Invis. : .   a - +0 mace
Res.Cold  : . . .   Warding    : .   b - +0 animal skin
Life Prot.: . . .   Conserve   : .   (no shield)
Res.Poison: .       Res.Corr.  : .   (helmet restricted)
Res.Elec. : .       Clarity    : .   (no cloak)
Sust.Abil.: . .     Spirit.Shd : .   (no gloves)
Res.Mut.  : .       Stasis     : .   (no boots)
Res.Rott. : .       Flight     : .   (no amulet)
Saprovore : . . .                    (no ring)
                                     (no ring)

@: regenerating, exhausted, slowed, very slow, quite resistant to hostile
enchantments, very unstealthy
A: retaliatory headbutt, horns 2
a: Burn Spellbooks, Berserk, Trog's Hand, Brothers in Arms, Renounce Religion


You were on level 3 of the Dungeon.
You worshipped Trog.
Trog was extremely pleased with you.
You were very hungry.

You visited 1 branch of the dungeon, and saw 4 of its levels.

You collected 96 gold pieces.

Inventory:

Hand weapons
 a - a +0,+0 mace (weapon)
Armour
 b - a +0 animal skin (worn)
Comestibles
 c - 3 bread rations
 l - a pear
 p - an apple
 v - a lychee
Scrolls
 e - 3 scrolls of teleportation {unknown}
 i - a scroll of enchant armour {unknown}
 j - a scroll of curse jewellery {unknown}
 m - 3 scrolls of recharging {unknown}
 n - a scroll of enchant weapon II {unknown}
 o - 2 scrolls of remove curse {unknown}
 r - 2 scrolls of curse weapon {unknown}
 t - a scroll of amnesia {unknown}
 w - a scroll of noise {unknown}
 y - a scroll of fog {unknown}
Jewellery
 g - an uncursed ring of wizardry {unknown}
Potions
 d - 2 potions of resistance {unknown}
 f - 2 potions of heal wounds {unknown}
 h - 2 potions of magic {unknown}
 k - a potion of speed {unknown}
 q - 2 potions of curing
 s - a potion of poison {unknown}
 u - a potion of agility {unknown}


   Skills:
 - Level 3.6 Fighting
 * Level 9.1 Maces & Flails
 - Level 2.4 Armour
 - Level 2.1 Dodging


You had 5 spell levels left.
You didn't know any spells.

Dungeon Overview and Level Annotations

Branches:
Dungeon (4/27)
 Temple: D:4-7

Altars:
Okawaru
Sif Muna


Innate Abilities, Weirdness & Mutations

You reflexively headbutt those who attack you in melee.
You have a pair of horns on your head.


Message History

Unknown command.
Unknown command.
Unknown command.
Drink which item? (? for menu, Esc to quit)
You feel better.
It was a potion of curing.
The ufetubus misses you. The ufetubus closely misses you.
The shadow imp misses you. The ufetubus hits you.
* * * LOW HITPOINT WARNING * * *
The ufetubus hits you.
* * * LOW HITPOINT WARNING * * *
The white imp closely misses you. You furiously retaliate!
You headbutt the white imp. The shadow imp closely misses you.
The ufetubus barely misses you. The ufetubus hits you.
* * * LOW HITPOINT WARNING * * *
Unknown command.
Use which ability? (? or * to list)
Your skin crawls.
You feel resistant to hostile enchantments.
You feel slightly more hungry. The ufetubus hits you.
You die...

.##.# #.# ##'## #.# .##.# #.#
##...## #[# .##.###.# ##.....##
##.#### .##.#.#.# ##.......##
##.....#
.##.....###.........####...##.###
.##..)....'.........'............
........###.........####......###
###.....# ##.......## ##..##.#
###...# ##..5@5## ##.##.# ##.##
##.5.## #.##.# #.# ##'## #.)..#
#.# #.# #..#.# #####.##### #.#
#....# #.........# ##.## ##.###
#.###.###.###...## #.# #.# #.#
#.##.....#########.# #.#
#.###.###...###........#


You could see a white imp, a shadow imp and an ufetubus.

Vanquished Creatures
  Eustachio (D:4)
  An ogre (D:4)
  An orc priest (D:3)
  A worker ant (D:3)
  A gnoll (D:1)
  4 adders
  2 worms
  An ufetubus (D:4)
  3 giant geckos
  4 orcs (D:3)
  A ball python (D:3)
  9 bats
  5 giant cockroaches
  9 hobgoblins
  A quokka (D:3)
  4 giant newts
  13 goblins
  3 jackals (D:2)
  6 kobolds
  10 rats
80 creatures vanquished.

Notes
Turn   | Place    | Note
--------------------------------------------------------------
     0 | D:1      | Kae, the Minotaur Berserker, began the quest for the Orb.
     0 | D:1      | Reached XP level 1. HP: 19/19 MP: 0/0
   120 | D:1      | Reached skill level 4 in Maces & Flails
   154 | D:1      | Reached XP level 2. HP: 23/26 MP: 0/0
   250 | D:1      | Acquired Trog's second power
   559 | D:1      | Reached skill level 5 in Maces & Flails
   762 | D:2      | Reached XP level 3. HP: 7/33 MP: 1/1
  1246 | D:2      | Reached XP level 4. HP: 30/39 MP: 1/1
  1351 | D:2      | Reached skill level 6 in Maces & Flails
  1422 | D:2      | Found a deep blue altar of Sif Muna.
  1423 | D:2      | Found an iron altar of Okawaru.
  2144 | D:3      | Reached skill level 7 in Maces & Flails
  2144 | D:3      | Reached XP level 5. HP: 33/46 MP: 1/1
  2248 | D:3      | Acquired Trog's third power
  2483 | D:4      | Noticed Eustachio
  2484 | D:4      | Noticed an ogre
  2639 | D:4      | Killed an ogre
  2639 | D:4      | Reached skill level 8 in Maces & Flails
  2639 | D:4      | Reached XP level 6. HP: 52/52 MP: 2/2
  2651 | D:4      | Killed Eustachio
  2651 | D:4      | Reached skill level 9 in Maces & Flails
  2658 | D:3      | HP: 2/52 [poisoned by Eustachio]
  2660 | D:3      | Slain by an ufetubus

Action                   |  1- 3 |  4- 6 || total
-------------------------+-------+-------++-------
Melee: Mace              |    77 |    99 ||   176
Invok: Trog's Hand       |       |     2 ||     2
       Berserk           |       |     1 ||     1
  Use: Potion            |       |     1 ||     1
